Map: Odyssey LE

Players

Winthrowe - Winner!

  • Race: Terran Terran
  • League: Silver
  • Spawn Location: 5:00

A.I. 1 (Harder)

  • Race: Zerg Zerg
  • Spawn Location: 11:00

VOD

Have the link to the VOD?

Description

Time

  • Played on: Aug. 19, 2017, 2:48 p.m.
  • Length: 11:50
Show
View Real Time Build Order
Export as new Build Order

Winthrowe Terran - Winner!

Build Orders: MMM Bio 

Get SALT Encoding   

  12  0:01  SCV  
  13  0:13  SCV  
  14  0:19  Supply Depot  
  14  0:25  SCV  
  15  0:41  SCV  
  16  0:43  Barracks  
  16  0:53  SCV  
  17  1:05  SCV  
  17  1:09  Refinery  
  18  1:17  SCV  
  19  1:29  SCV  
  20  1:36  Supply Depot  
  20  1:41  Marine  
  20  1:42  SCV  
  22  1:50  Refinery  
  22  1:54  SCV  
  23  1:59  Marine  
  24  2:03  Barracks  
  24  2:06  SCV  
  25  2:20  Orbital Command  
  25  2:31  Marine  
  26  2:49  Marine  
  27  2:53  Supply Depot  
  27  2:55  Supply Depot  
  27  3:01  Barracks Tech Lab  
  27  3:03  Command Center  
  27  3:07  Marine  
  28  3:24  Stimpack  
  28  3:25  Engineering Bay  
  28  3:26  Engineering Bay  
  28  3:35  Barracks Reactor  
  28  3:39  Marauder  
  30  3:59  Barracks  
  30  4:01  Marauder  
  32  4:06  Factory  
  32  4:19  Refinery  
  32  4:22  Marauder  
  34  4:28  SCV x2  
  36  4:40  SCV x2  
  36  4:41  Marine  
  36  4:42  Marine  
  36  4:43  Refinery  
  36  4:44  Marauder  
  42  4:54  Cyclone  
  45  5:09  Terran Infantry Weapons Level 1  
  45  5:11  Terran Infantry Armor Level 1  
  45  5:17  Barracks Tech Lab  
  45  5:22  Marauder  
  45  5:23  Marine x2  
  45  5:25  Concussive Shells  
  49  5:38  Combat Shields  
  49  5:48  Marine x2, Marauder x2  
  49  5:49  Starport  
  55  5:54  SCV x2  
  57  6:06  SCV x2  
  60  6:18  SCV x2  
  61  6:26  Armory  
  61  6:28  Marine  
  62  6:35  Supply Depot  
  62  6:57  Marine, SCV x2, Medivac, Marauder  
  62  6:58  Supply Depot  
  69  7:05  Marine  
  69  7:09  SCV x2  
  69  7:11  Marauder  
  69  7:14  Marine  
  68  7:19  Marauder  
  68  7:20  Supply Depot  
  68  7:21  SCV x2  
  72  7:23  Marine  
  72  7:27  Medivac  
  75  7:32  Marauder  
  75  7:33  Marine  
  78  7:42  Marine, Supply Depot, Marauder  
  81  7:45  Terran Infantry Armor Level 2  
  81  7:51  Marine  
  81  7:53  Marauder  
  81  7:57  Medivac  
  86  8:04  Marine, Terran Infantry Weapons Level 2, Marauder  
  86  8:05  Supply Depot  
  89  8:09  Marine  
  89  8:10  Terran Vehicle And Ship Armor Level 1  
  90  8:15  Marauder  
  92  8:22  Marine  
  92  8:26  Marauder  
  92  8:27  Marine, Medivac, Supply Depot  
  98  8:36  Marauder  
  98  8:39  Marine  
  101  8:44  Marine  
  101  8:47  Marine  
  103  8:57  Marine x2  
  103  9:02  Marine  
  105  9:04  Marine  
  105  9:09  Supply Depot  
  107  9:15  Marine x2  
  109  9:20  Marine  
  109  9:22  Marine  
  111  9:25  Hellion  
  113  9:31  Supply Depot  
  113  9:33  Marine, Marauder  
  113  9:38  Marine  
  116  9:40  Marine  
  118  9:51  Marine  
  118  9:54  Supply Depot  
  118  9:55  Marauder  
  118  9:56  Marine  
  118  9:58  Marauder  
  118  9:59  Hellion  
  125  10:08  Unknown  
  125  10:09  Marine  
  125  10:14  Marine  
  127  10:16  Marauder  
  127  10:17  Supply Depot  
  127  10:20  Hellion, Marauder  
  133  10:26  Marine  
  134  10:31  Marine  
  135  10:37  Medivac, Marauder  
  135  10:41  Marine  
  135  10:42  Hellion  
  142  10:44  Marine  
  142  10:49  Marine  
  144  10:59  Marauder x2  
  144  11:02  Marine  
  149  11:07  Marine, Medivac  
  152  11:20  Marine, Marauder x2  
  152  11:25  Marine  
  158  11:29  Supply Depot  
Show
View Real Time Build Order
Export as new Build Order

A.I. 1 (Harder) Zerg 

Build Orders: Pool First 

Get SALT Encoding   

  12  0:00  Drone  
  13  0:12  Overlord  
  13  0:16  Drone  
  14  0:30  Drone  
  14  0:31  Drone  
  16  0:42  Spawning Pool  
  15  0:45  Drone  
  16  0:50  Drone  
  16  0:52  Extractor  
  16  0:55  Drone  
  17  1:06  Overlord  
  17  1:31  Queen, Zergling x2  
  20  1:38  Roach Warren, Drone  
  20  1:41  Zergling x2  
  20  1:44  Extractor  
  20  1:49  Drone  
  21  2:00  Drone  
  22  2:10  Overlord  
  22  2:21  Drone  
  23  2:32  Roach  
  25  2:38  Overlord, Drone  
  25  2:42  Roach  
  28  2:52  Roach  
  30  3:02  Roach  
  32  3:09  Overlord  
  32  3:12  Roach  
  34  3:22  Roach  
  36  3:32  Roach  
  38  3:38  Overlord  
  38  3:42  Roach  
  40  3:52  Roach  
  40  3:53  Drone  
  43  3:57  Drone  
  43  4:01  Drone  
  45  4:06  Drone  
  46  4:13  Overlord, Roach  
  46  4:16  Drone  
  49  4:18  Drone  
  50  4:28  Baneling Nest, Roach  
  51  4:34  Evolution Chamber  
  50  4:39  Drone  
  50  4:45  Roach, Drone  
  54  4:55  Roach  
  56  5:05  Roach  
  58  6:28  Baneling, Overlord  
  58  6:29  Zerg Melee Weapons Level 1, Burrow  
  58  6:33  Spore Crawler  
  58  6:35  Zergling x2  
  58  6:39  Hatchery  
  57  6:41  Zergling x2  
  58  6:48  Zergling x2  
  59  6:54  Baneling x2, Zergling x2  
  60  7:01  Baneling  
  60  7:05  Zergling x2  
  60  7:06  Metabolic Boost  
  57  7:12  Zergling x2  
  32  7:39  Spore Crawler  
  32  7:41  Lair  
  31  7:51  Queen, Drone  
  31  7:52  Drone x4  
  31  7:53  Drone x4  
  31  7:54  Drone x2  
  31  7:56  Drone x2  
  46  7:59  Extractor  
  46  8:00  Drone  
  46  8:06  Drone  
  46  8:09  Drone  
  46  8:12  Drone  
  49  8:14  Drone  
  50  8:23  Zerg Missile Weapons Level 1, Drone x2  
  52  8:39  Centrifical Hooks  
  52  8:41  Spire  
  51  8:42  Drone  
  51  8:43  Extractor  
  51  8:44  Drone  
  52  8:52  Spine Crawler  
  52  8:53  Drone  
  52  8:57  Spine Crawler, Drone  
  52  9:02  Spore Crawler, Drone  
  52  9:05  Drone x3  
  52  9:07  Spore Crawler  
  54  9:10  Infestation Pit  
  54  9:13  Drone  
  54  9:19  Drone  
  55  9:32  Spine Crawler  
  55  9:36  Spine Crawler, Drone  
  54  9:41  Queen  
  54  9:44  Zergling x2  
  54  9:45  Overseer x2  
  54  9:51  Zergling x2  
  52  9:57  Baneling  
  52  10:02  Hydralisk Den  
  52  10:03  Drone  
  52  10:04  Evolution Chamber, Zergling x2  
  52  10:06  Drone  
  52  10:08  Roach x2  
  52  10:11  Roach  
  56  10:15  Overlord  
  56  10:18  Hive, Roach, Zergling x2  
  56  10:19  Roach  
  56  10:21  Roach  
  55  10:25  Mutalisk  
  40  10:32  Mutalisk  
  31  10:38  Mutalisk  
  27  10:45  Hydralisk, Zergling x2  
  27  10:46  Drone  
  31  10:50  Queen  
  31  10:56  Hydralisk  
  29  11:02  Mutalisk, Hydralisk  
  29  11:03  Zergling x2  
  31  11:08  Hydralisk  
  27  11:18  Roach Warren  
  23  11:28  Drone  
  23  11:31  Drone  
Tags
 
Composition
MMM Bio
League
Silver
Matchup
TvZ
Opening
Pool First
Spawn Locations
Cross Positions
Add a new tag
Caveats
  • Supply blocks, unpowered buildings, or Contaminate may cause inaccurate times.
  • Supply counts are checked every 10 seconds.